 Dungeon Crawl Stone Soup version 0.32-a0-898-g7811c86cf0 (webtiles) character file.

Game seed: 7637541510087137177

7060 Fodor the Protected (level 10, -7/86 HPs)
             Began as a Minotaur Fighter on Apr 4, 2024.
             Was an Initiate of Gozag.
             Mangled by a komodo dragon (14 damage)
             ... on level 1 of the Lair of Beasts.
             The game lasted 00:32:51 (8758 turns).

Fodor the Protected (Minotaur Fighter)              Turns: 8758, Time: 00:32:51

Health: -7/86      AC: 13    Str: 25    XL:     10   Next: 83%
Magic:  9/9        EV:  9    Int:  5    God:    Gozag
Gold:   235        SH:  0    Dex: 10    Spells: 9/9 levels left

rFire   . . .        w - +4 halberd
rCold   . . .        (shield currently unavailable)
rNeg    . . .        b - +2 chain mail
rPois   .            (helmet currently unavailable)
rElec   .            (cloak currently unavailable)
rCorr   .            t - melded +0 pair of gloves
SInv    .            (boots currently unavailable)
Will    +....        M - amulet of regeneration Stlth
                     B - +4 ring of slaying
HPRegen 1.14/turn    h - ring of willpower
MPRegen 0.11/turn

%: no passive effects
@: beast-form
A: beast (slay +1), horns 2, retaliatory headbutt
a: Begin Untransformation, Renounce Religion, Potion Petition, Call Merchant,
Bribe Branch


You were on level 1 of the Lair of Beasts.
You worshipped Gozag.
Gozag was aware of your devotion.
You were a hulking beast.
You visited 3 branches of the dungeon, and saw 12 of its levels.

You collected 810 gold pieces.
You spent 320 gold pieces at shops.
You paid 255 gold pieces to Gozag.

Inventory:

Hand Weapons
 a - a +0 war axe
 p - a +2 heavy shortbow
 w - a +4 halberd (weapon)
Armour
 b - a +2 chain mail (worn)
 c - a +0 buckler
 t - a +0 pair of gloves (melded)
Jewellery
 h - a ring of willpower (right hand)
 m - a ring of protection from cold
 A - a ring of fire
 B - a +4 ring of slaying (left hand)
 M - an amulet of regeneration (around neck)
Talismans
 r - a maw talisman
 I - a beast talisman (active)
Wands
 u - a wand of warping (14)
 K - a wand of polymorph (8)
 L - a wand of flame (6)
Scrolls
 e - 4 scrolls of teleportation
 f - 2 scrolls of summoning
 j - 2 scrolls of fog
 k - 4 scrolls of fear
 l - 2 scrolls of revelation
 q - 2 scrolls of amnesia
 v - a scroll of acquirement {unknown}
 x - a scroll of immolation {unknown}
 y - a scroll of torment
 z - a scroll of poison {unknown}
 F - a scroll of blinking {unknown}
 N - a scroll of vulnerability
Potions
 d - 4 potions of might
 g - 2 potions of degeneration {unknown}
 i - 2 potions of mutation {unknown}
 n - 3 potions of heal wounds
 o - 2 potions of haste {unknown}
 s - a potion of berserk rage {unknown}
 C - a potion of curing {unknown}
 D - a potion of attraction {unknown}
 E - 3 potions of resistance {unknown}
 G - a potion of invisibility {unknown}
 H - a potion of brilliance {unknown}
 J - 2 potions of cancellation {unknown}


   Skills:
 + Level 7.4 Fighting
 + Level 10.0(10.6) Axes
 + Level 5.3(8.4) Polearms
 + Level 5.0 Ranged Weapons
 + Level 10.5 Armour
 + Level 5.0 Dodging
 + Level 0.1 Stealth
 + Level 5.4 Shields
 + Level 3.9 Evocations
 + Level 2.9 Shapeshifting


You had 9 spell levels left.
You didn't know any spells.
Your spell library contained the following spells:

 Spells                   Type           Power      Damage    Failure   Level
 Ensorcelled Hibernation  Hex/Ice        0%         N/A       97%         2
 Inner Flame              Hex/Fire       0%         N/A       99%         3
 Passwall                 Erth           0%         N/A       99%         3
 Swiftness                Air            0%         N/A       99%         3
 Flame Wave               Conj/Fire      0%         2d4       100%        4
 Sticky Flame             Fire/Alch      0%         2d4       100%        4


Dungeon Overview and Level Annotations

Branches:
Dungeon (10/15)            Temple (1/1) D:4            Lair (1/5) D:10
    Orc: D:9-12

Altars:
Ashenzari
Cheibriados
Dithmenos
Elyvilon
Fedhas
Gozag
Hepliaklqana
Kikubaaqudgha
Makhleb
Nemelex Xobeh
Okawaru
Qazlal
Ru
Sif Muna
Trog
Uskayaw
Vehumet
Wu Jian
Xom
Yredelemnul
Zin
The Shining One

Shops:
D:1 *(   D:5 [   D:9 *

Annotations:
D:9 exclusion: ice statue


Innate Abilities, Weirdness & Mutations

You are a hulking beast.
Your limbs bulge with bestial killing power. (Slay +1)
You have a pair of horns on your head.
You reflexively headbutt those who attack you in melee.


Message History

You kill the bullfrog!
You now have 235 gold pieces (gained 8).
A bullfrog comes into view.
The bullfrog gives a loud, deep croak!
The bullfrog snags a nearby mouse with its tongue.
A komodo dragon comes into view.
The komodo dragon hisses angrily.
The bullfrog barely misses you.
You barely miss the bullfrog. Your headbutt misses the bullfrog.
The bullfrog hits you!
The bullfrog hits you but does no damage.
You barely miss the bullfrog. You headbutt the bullfrog!!
The bullfrog is almost dead.
The bullfrog hits you.
You barely miss the bullfrog. Your headbutt misses the bullfrog.
The bullfrog is almost dead.
The bullfrog hits you.
The bullfrog hits you but does no damage.
You slice the bullfrog!!
You kill the bullfrog!
Your Ranged Weapons skill increases to level 5!
The komodo dragon bites you!!
You see here 6 gold pieces.
You impale the komodo dragon!!
The komodo dragon is heavily wounded.
The komodo dragon bites you!
You hit the komodo dragon. Your headbutt misses the komodo dragon.
The komodo dragon is heavily wounded.
The komodo dragon bites you!!
* * * LOW HITPOINT WARNING * * *
You barely miss the komodo dragon.
The komodo dragon is heavily wounded.
The komodo dragon bites you but does no damage.
The komodo dragon bites you!
* * * LOW HITPOINT WARNING * * *
You puncture the komodo dragon! Your headbutt misses the komodo dragon.
The komodo dragon is severely wounded.
The komodo dragon bites you!
You die...
Your body crumbles into a pile of gold.

....# #.# .##
......###.## #..#
...........## ...##
............###....#
..................#
................#.#
.................##
..................#
.~.~....###..h#.#.#
~~~~~~~..###..l.....#
≈≈≈≈≈≈≈~.##..#..##...
..~~~~~≈≈~~..##.+....
..~≈~~.~≈≈~[.##.....♣.
.~~≈~.>~≈≈~...#.+....
..
..~≈≈..~~~~~.####.#..#
. ..~≈~~≈≈≈≈~~.# #....
..~~≈≈≈≈≈≈~..#


You could see a komodo dragon.

Vanquished Creatures
  4 ice devils (D:9)
  A troll (D:10)
  Grinder (D:5)
  A wraith (D:10)
  2 wyverns (D:10)
  4 yaks (D:10)
  A basilisk (D:10)
  3 steam dragons
  2 acid dragons
  5 water moccasins
  An ice beast (D:6)
  2 orc warriors (D:9)
  2 ogres
  A centaur (D:9)
  A phantom (D:5)
  4 kobold brigands
  4 scorpions
  8 bullfrogs
  5 wights (D:8)
  7 killer bees
  4 howler monkeys
  A jelly (D:7)
  A quasit (D:8)
  A bombardier beetle (D:7)
  5 hounds
  A gnoll bouda (D:7)
  5 orc priests
  5 iguanas
  7 orc wizards
  Robin (D:3)
  4 gnolls (D:7)
  6 adders
  2 white imps
  8 ufetubi (D:9)
  A ribbon worm (D:5)
  4 dart slugs
  26 orcs
  5 bats (D:1)
  4 endoplasms
  7 giant cockroaches
  10 goblins
  8 hobgoblins
  9 jackals (D:1)
  4 quokkas
  6 ball pythons
  3 frilled lizards (D:2)
  21 kobolds
  7 rats
225 creatures vanquished.

Notes
Turn   | Place    | Note
-------+----------+-------------------------------------------
     0 | D:1      | Fodor the Minotaur Fighter began the quest for the Orb.
     0 | D:1      | Reached XP level 1. HP: 19/19 MP: 0/0
    82 | D:1      | Reached XP level 2. HP: 22/27 MP: 1/1
   160 | D:1      | Found Noweeg's Assorted Antiques.
   202 | D:1      | Bought a scroll labelled PERIFR TAGIC for 22 gold pieces
   202 | D:1      | Bought a scroll labelled RIXUYP COLLEO for 22 gold pieces
   202 | D:1      | Bought a scroll labelled RIXUYP COLLEO for 22 gold pieces
   202 | D:1      | Bought a scroll labelled TIELLO FUPN for 22 gold pieces
   269 | D:1      | Reached XP level 3. HP: 33/33 MP: 2/2
   348 | D:1      | Found Doek Tyf's Weapon Shop.
   855 | D:2      | Reached XP level 4. HP: 22/40 MP: 3/3
  1804 | D:3      | Noticed Robin
  1816 | D:3      | Killed Robin
  1817 | D:3      | Reached skill level 1 in Dodging
  1903 | D:3      | Found a radiant altar of Vehumet.
  1977 | D:4      | Reached XP level 5. HP: 41/47 MP: 4/4
  2036 | D:4      | Identified the +6 dagger "Beastbane" {freeze, *Noise rElec
                  | Dex+4}
  2295 | D:4      | Reached skill level 5 in Armour
  2659 | D:4      | Found a staircase to the Ecumenical Temple.
  2699 | D:5      | Entered Level 5 of the Dungeon
  2895 | D:5      | You fall into a shaft and drop 1 floor!
  2986 | D:6      | Reached XP level 6. HP: 36/55 MP: 5/5
  3152 | D:5      | Found a shadowy altar of Dithmenos.
  3157 | D:5      | Found a stormy altar of Qazlal.
  3176 | D:5      | Reached skill level 5 in Fighting
  3176 | D:5      | Reached skill level 5 in Axes
  3285 | D:5      | Found a blossoming altar of Fedhas.
  3289 | D:5      | Found a bloodstained altar of Trog.
  3436 | D:5      | Found a transporter.
  3436 | D:5      | Found Ophawnaosk's Antique Armour Shoppe.
  3463 | D:5      | Reached XP level 7. HP: 59/61 MP: 6/6
  3473 | D:5      | Found a transporter.
  3536 | D:5      | Noticed Grinder
  3547 | D:5      | Killed Grinder
  4154 | D:6      | Reached skill level 5 in Shields
  4154 | D:6      | Reached XP level 8. HP: 67/70 MP: 7/7
  4559 | D:7      | Reached skill level 1 in Shapeshifting
  5303 | D:8      | Reached XP level 9. HP: 59/78 MP: 8/8
  5810 | D:8      | Found a glowing golden altar of the Shining One.
  6032 | D:9      | Reached skill level 1 in Polearms
  6044 | D:9      | Reached skill level 10 in Axes
  6194 | D:9      | Reached skill level 10 in Armour
  6296 | D:9      | Noticed an ice devil
  6312 | D:9      | Noticed an ice devil
  6312 | D:9      | Noticed an ice devil
  6314 | D:9      | Noticed an ice statue
  6325 | D:9      | Noticed an ice devil
  6348 | D:9      | Reached XP level 10. HP: 74/84 MP: 9/9
  6673 | D:9      | Found Cato's General Store.
  6942 | D:9      | Reached skill level 1 in Ranged Weapons
  7185 | D:9      | Reached skill level 1 in Evocations
  7710 | D:10     | Entered Level 10 of the Dungeon
  7797 | D:10     | Found a staircase to the Lair.
  7946 | Temple   | Entered the Ecumenical Temple
  7956 | Temple   | Became a worshipper of Gozag Ym Sagoz the Greedy
  8019 | D:1      | Bought a bubbling cyan potion for 19 gold pieces
  8019 | D:1      | Bought a scroll labelled WAACIKYLID for 22 gold pieces
  8058 | D:1      | Bought a +2 heavy shortbow for 191 gold pieces
  8250 | D:10     | Reached skill level 5 in Dodging
  8376 | D:10     | Reached skill level 5 in Polearms
  8679 | Lair:1   | Entered Level 1 of the Lair of Beasts
  8754 | Lair:1   | Reached skill level 5 in Ranged Weapons
  8758 | Lair:1   | Mangled by a komodo dragon

Illustrated notes

Levels and vault maps discovered:
D:1:      spicycebolla_arrival_xxxplode, layout_rooms, serial_curves,
          eino_curves_03, eino_curves_01, serial_shops,
          nicolae_shop_bloodbath_and_beyond, shop_coins
D:2:      layout_rooms, serial_bayou, serial_bayou_crossing,
          serial_bayou_pond_e, serial_bayou_shore_b, serial_bayou_pond_e
D:3:      layout_basic, marbit_many_paths, uniq_robin
D:4:      layout_gridville, minmay_temple_entry_purple_smoke,
          nicolae_figureground_pulse
D:5:      layout_basic, nicolae_overflow_macrodata_refinement, serial_shops,
          nicolae_shop_drivethru, uniq_grinder
D:6:      layout_loops_ring
D:7:      layout_loops_cross, minmay_between
D:8:      layout_rooms, lemuel_coloured_pillars_altar, serial_demonic,
          serial_demonic_b, serial_demonic_a, serial_demonic_g,
          serial_demonic_a, serial_demonic_b, serial_demonic_g,
          serial_park_tiny_pond, kennysheep_generic_room_11
D:9:      cheibrodos_frozen_isle, layout_long_grid, serial_shops, shop_statue,
          kennysheep_generic_room_15
D:10:     layout_rooms, minmay_lair_entry_grove
Temple:   nicolae_temple_bog_church
Lair:1:   layout_cave_shapes, infiniplex_staircase_pool_2, grunt_megastairs_1

Skill      XL: |  1  2  3  4  5  6  7  8  9 10 |
---------------+-------------------------------+-----
Shields        | 4 5 |  5.4
Armour         | 4 5 6 8 10 | 10.5
Fighting       | 4 5 6 7 |  7.4
Axes           | 3 4 5 7 9 10 | 10.0
Dodging        | 1 2 3 4 5 |  5.0
Shapeshifting  | 1 2 |  2.9
Polearms       | 3 5 |  5.3
Ranged Weapons | 5 |  5.0
Evocations     | 3 |  3.9
Stealth        | |  0.1

Action                     |  1- 3 |  4- 6 |  7- 9 | 10-12 || total
---------------------------+-------+-------+-------+-------++-------
  Melee: War axe           |    81 |   139 |   167 |       ||   387
         Headbutt          |    10 |    11 |    31 |    12 ||    64
         Halberd           |       |       |    74 |    66 ||   140
   Fire: Shortbow          |       |       |     8 |   240 ||   248
  Evoke: Wand              |       |       |       |    51 ||    51
    Use: Scroll            |       |       |     8 |     4 ||    12
         Potion            |       |       |     2 |       ||     2
 Armour: Scale mail        |    76 |    85 |       |       ||   161
         Chain mail        |       |    21 |   278 |    88 ||   387
  Dodge: Dodged            |    52 |    60 |   139 |    37 ||   288
  Block: Buckler           |    28 |    36 |    43 |       ||   107
   Form: Beast             |       |       |     1 |       ||     1

Table legend: (Time is in decaauts)
 A = Elapsed time spent in this place.
 B = Non-inter-level travel time spent in this place.
 C = Inter-level travel time spent in this place.
 D = Time resting spent in this place.
 E = Time spent auto-exploring this place.
 F = Levels seen in this place.
 G = Mean time per level.
                   A        B        C        D        E       F      G
               +--------+--------+--------+--------+--------+-----+--------+
         Total |   9023 |   8530 |    493 |    326 |   5326 |  12 |  751.9 |
       Dungeon |   8922 |   8438 |    484 |    326 |   5268 |  10 |  892.2 |
        Temple |     18 |     10 |      8 |      0 |      0 |   1 |   18.0 |
          Lair |     82 |     82 |      0 |      0 |     57 |   1 |   82.0 |
               +--------+--------+--------+--------+--------+-----+--------+

Top non-repeatable levels by time:
     D:9: 1936 daAuts
     D:5: 1189 daAuts
     D:4: 850 daAuts
     D:1: 837 daAuts
     D:7: 803 daAuts
     D:6: 718 daAuts
     D:8: 693 daAuts
     D:3: 670 daAuts
     D:2: 641 daAuts
    D:10: 582 daAuts
  Lair:1: 82 daAuts
  Temple: 18 daAuts
